 Dungeon Crawl Stone Soup version 0.24-a0-335-g06ca16a (webtiles) character file.

Game seed: 15014430891450982786

33 Borgoz the Chopper (level 3, 0/22 HPs)
             Began as a Gargoyle Gladiator on May 19, 2019.
             Slain by Sigmund
             ... wielding a +0 scythe
              (11 damage)
             ... on level 2 of the Dungeon.
             The game lasted 00:01:24 (1065 turns).

Borgoz the Chopper (Gargoyle Gladiator)             Turns: 1065, Time: 00:01:24

Health: 0/22       AC:  7    Str: 17    XL:     3   Next: 29%
Magic:  3/3        EV: 12    Int:  5    God:
Gold:   52         SH:  0    Dex: 12    Spells: 2/2 levels left

rFire    + . .     SeeInvis .   a - +0 war axe
rCold    + . .     Gourm    .   (no shield)
rNeg     + . .     Faith    .   b - +0 leather armour
rPois    ∞         Spirit   .   c - +0 helmet
rElec    +         Reflect  .   i - scarf {rC+ rF+}
rCorr    .         Harm     .   (no gloves)
MR       .....                  (no boots)
Stlth    +.........             (no amulet)
HPRegen  0.07/turn              m - -3 ring of intelligence (curse)
MPRegen  0.08/turn              (no ring)

@: no status effects
A: negative energy resistance 1, electricity resistance, unbreathing,
petrification resistance, rot immunity, AC +3
a: no special abilities


You were on level 2 of the Dungeon.
You were hungry.

You visited 1 branch of the dungeon, and saw 2 of its levels.

You collected 52 gold pieces.

Inventory:

Hand Weapons
 a - a +0 war axe (weapon)
Missiles
 d - 3 throwing nets (quivered)
Armour
 b - a +0 leather armour (worn)
 c - a +0 helmet (worn)
 i - a scarf of resistance (worn)
Jewellery
 m - a cursed -3 ring of intelligence (left hand)
Scrolls
 g - 2 scrolls of teleportation
 h - a scroll of magic mapping {unknown}
 l - a scroll of fear
Potions
 e - 2 potions of curing
 j - 3 potions of flight
Comestibles
 f - 5 rations


   Skills:
 + Level 2.5 Fighting
 * Level 3.1 Axes
 - Level 1.7 Throwing
 + Level 1.0 Armour
 * Level 2.8 Dodging


You had 2 spell levels left.
You didn't know any spells.
Your spell library was empty.

Dungeon Overview and Level Annotations

Branches:
Dungeon (2/15)

Altars:

Annotations:
D:2 Sigmund


Innate Abilities, Weirdness & Mutations

You are resistant to torment.
Your stone body is resilient. (AC +3)
You are immune to poison.
You resist negative energy. (rN+)
You are resistant to electric shocks. (rElec)
You can survive without breathing.
You are immune to petrification.
You are immune to rotting.


Message History

Sigmund flickers and vanishes!
Deactivating autopickup; reactivate with Ctrl-A.
A magic dart appears from out of thin air!
The magic dart hits you.
No target in view!
Something barely misses you.
No target in view!
No target in view!
No target in view!
No target in view!
You hear some strange, mumbled words.
Something tries to affect you, but you resist.
You barely miss something.
You hear some strange, mumbled words.
Something tries to affect you, but you resist.
You barely miss something. Something hits you.
You hit something. Something barely misses you.
You barely miss something. Something hits you!
Ouch! That really hurt!
You die...

#........#!.# #.
#...........# #.
#........#.# #.
#........#.## .
#.##..#.....##..## . ##
#.....#.......#..##. ...
#.... #.........<...
#..#.{.###..#..........
#.....@##..#...........
##.##...##.##.#.........
..............#.........
###...........#.........
#.....!.....#........#
##..<.......#........#
#..........#........#
#..........#........#
##....######>.......#


There were no monsters in sight!

Vanquished Creatures
  An adder (D:2)
  2 worms (D:2)
  2 bats (D:1)
  2 giant cockroaches (D:1)
  A goblin (D:2)
  2 jackals (D:1)
  2 frilled lizards
  3 kobolds
  3 rats (D:1)
18 creatures vanquished.

Notes
Turn   | Place    | Note
-------+----------+-------------------------------------------
     0 | D:1      | Borgoz the Gargoyle Gladiator began the quest for the Orb.
     0 | D:1      | Reached XP level 1. HP: 12/12 MP: 1/1
   272 | D:1      | Reached XP level 2. HP: 15/18 MP: 2/2
   751 | D:2      | Reached skill level 3 in Axes
   753 | D:2      | Reached XP level 3. HP: 21/22 MP: 3/3
   760 | D:2      | Reached skill level 1 in Armour
  1058 | D:2      | Noticed Sigmund
  1065 | D:2      | Slain by Sigmund

Levels and vault maps discovered:
D:1:      minmay_arrival_nine_rooms, layout_loops_ring
D:2:      layout_rooms, lemuel_doored_altar, nemelex_altar_shiori,
          nicolae_tso_swordbearing_angel, uniq_terence, uniq_sigmund,
          uniq_natasha

Skill      XL: |  1  2  3 |
---------------+----------+-----
Axes           | 3 |  3.1
Armour         | 1 |  1.0
Fighting       | |  2.5
Throwing       | |  1.7
Dodging        | |  2.8

Action                   || total
-------------------------++-------
Melee: War axe           ||    72
Throw: Throwing net      ||     1
  Use: Scroll            ||     5
Armor: Leather armour    ||    32
Dodge: Dodged            ||    50

Table legend:
 A = Non-vault XP
 B = Vault XP
 C = Vault XP percentage of total XP
 D = Non-vault monster count
 E = Vault monster count
 F = Vault count percentage of total count
                 A         B        C        D         E       F
            +---------+---------+-------+---------+---------+-------
      Total |      48 |       0 |   0.0 |      18 |       0 |   0.0
            +---------+---------+-------+---------+---------+-------
        D:1 |      19 |       0 |   0.0 |      12 |       0 |   0.0
        D:2 |      29 |       0 |   0.0 |       6 |       0 |   0.0
            +---------+---------+-------+---------+---------+-------
